AoeStats
← tony le gros rou

Arena

507344980Analyzed
4v4 RM · 14d ago on Sep 17, 2026· 42m 27s· 8 players
Game mode
Random Map
Map size
Large (8 player)
Population
200
Speed
Normal
Resources
Standard
Victory
Conquest
Starting age
Dark Age
Ending age
Imperial Age
RankedLock teamsTeams togetherTeam positionsShared explorationLock speedFull tech treeHidden civsTurbo modeCheats
Victory
Defeat
🇭🇰 Teutons · Hong Kong SAR China
1509
+11
🇩🇪 Burgundians · Germany
1423
+15
🇵🇪 Poles · Peru
1406
+15
🇬🇧 Cumans · United Kingdom
1387
+16
🇫🇷 Britons · France
1488
-17
🇩🇪 Gurjaras · Germany
1473
-18
🇫🇷 Goths · France
1361
-13
🇫🇷 Khmer · France
1257
-9
rikardo_latino
1:17 Wheelbarrow
6:24 Double-Bit Axe
8:04 Loom
12:53 Feudal Age
12:10 Horse Collar
14:04 Hand Cart
14:06 Bow Saw
18:35 Castle Age
16:47 Gold Mining
18:05 Scale Barding Armor
26:31 Imperial Age
25:01 Squires
25:23 Chain Barding Armor
25:07 Scale Mail Armor
28:52 Chemistry
28:52 Chain Mail Armor
32:10 Plate Mail Armor
32:24 Block Printing
35:54 Forging
37:52 Conscription
38:08 Hoardings
39:34 Town Watch
40:34 Town Patrol
Vetinari
9:22 Feudal Age
9:59 Double-Bit Axe
9:56 Horse Collar
15:19 Wheelbarrow
16:34 Loom
20:11 Castle Age
19:03 Bloodlines
19:56 Scale Barding Armor
20:02 Forging
21:14 Gold Mining
22:52 Chain Barding Armor
23:10 Bow Saw
25:31 Iron Casting
25:26 Devotion
27:27 Gold Shaft Mining
29:56 Fervor
32:45 Imperial Age
31:01 Steppe Husbandry
32:24 Town Watch
32:54 Hand Cart
32:46 Heavy Plow
32:45 Stone Mining
33:11 Elite Steppe Lancer
34:36 Conscription
34:33 Fletching
36:18 Plate Barding Armor
35:40 Bodkin Arrow
36:27 Ballistics
37:07 Chemistry
YMK414
8:49 Feudal Age
8:01 Loom
9:20 Double-Bit Axe
18:21 Castle Age
16:59 Gold Mining
19:28 Horse Collar
25:11 Wheelbarrow
25:02 Bow Saw
32:57 Imperial Age
30:34 Stone Mining
31:33 Scale Barding Armor
31:39 Forging
32:57 Chain Barding Armor
33:43 Iron Casting
33:30 Bloodlines
33:18 Cavalier
35:17 Chemistry
35:25 Plate Barding Armor
38:07 Two-Man Saw
36:53 Paladin
38:20 Conscription
39:26 Blast Furnace
Dr. Kenzo Tenma
11:32 Feudal Age
12:18 Double-Bit Axe
13:02 Horse Collar
15:25 Castle Age
16:34 Bow Saw
16:26 Heavy Plow
22:27 Scale Barding Armor
31:05 Imperial Age
29:15 Wheelbarrow
28:26 Town Watch
30:22 Gold Mining
30:32 Loom
30:12 Light Cavalry
31:03 Bloodlines
30:53 Husbandry
30:53 Stone Mining
32:27 Chain Barding Armor
33:02 Lechitic Legacy
33:03 Conscription
33:31 Stone Shaft Mining
33:14 Winged Hussar
34:29 Forging
34:05 Capped Ram
35:14 Szlachta Privileges
34:48 Cavalier
35:25 Siege Ram
37:03 Iron Casting
36:24 Elite Obuch
37:50 Scale Mail Armor
37:55 Squires
37:41 Arson
39:14 Hoardings
39:23 Chain Mail Armor
40:09 Blast Furnace
41:18 Plate Mail Armor
41:41 Crop Rotation
p0n0n0
9:17 Feudal Age
9:04 Loom
13:17 Castle Age
12:11 Double-Bit Axe
27:05 Bow Saw
27:32 Horse Collar
28:37 Wheelbarrow
29:39 Scale Barding Armor
29:52 Heavy Plow
30:28 Bloodlines
31:10 Husbandry
31:26 Forging
35:14 Chain Barding Armor
36:03 Hand Cart
36:51 Iron Casting
40:08 Imperial Age
40:20 Heavy Camel Rider
41:45 Plate Barding Armor
41:36 Kshatriyas
41:53 Conscription
PayZouZ
11:08 Feudal Age
14:03 Castle Age
15:35 Double-Bit Axe
16:30 Loom
24:48 Scale Barding Armor
24:54 Forging
28:37 Horse Collar
31:37 Tusk Swords
32:29 Husbandry
32:40 Bloodlines
33:15 Gold Mining
33:16 Stone Mining
38:51 Chain Barding Armor
39:07 Iron Casting
44:02 Imperial Age
La Momone 38
10:30 Feudal Age
11:40 Loom
14:59 Castle Age
14:15 Double-Bit Axe
17:46 Town Watch
19:47 Horse Collar
23:16 Wheelbarrow
24:06 Heavy Plow
24:41 Gold Mining
29:58 Imperial Age
27:41 Forging
27:32 Scale Mail Armor
27:55 Bow Saw
27:32 Pikeman
29:14 Iron Casting
29:18 Hand Cart
28:50 Town Watch
29:25 Chain Mail Armor
29:14 Squires
29:20 Anarchy
30:14 Town Patrol
30:02 Halberdier
31:46 Blast Furnace
31:10 Conscription
30:52 Perfusion
32:58 Crop Rotation
33:29 Two-Man Saw
33:50 Elite Huskarl
34:44 Man-at-Arms
35:25 Long Swordsman
35:56 Two-Handed Swordsman
36:20 Champion
tony le gros rou
8:36 Feudal Age
7:19 Loom
12:04 Fletching
15:56 Padded Archer Armor
16:33 Double-Bit Axe
24:33 Castle Age
24:24 Horse Collar
25:02 Crossbowman
25:38 Bodkin Arrow
25:58 Leather Archer Armor
30:25 Gold Mining
32:33 Ballistics
36:41 Imperial Age
36:44 Arbalester
37:54 Bracer
38:57 Ring Archer Armor
40:01 Chemistry
39:03 Capped Ram
40:30 Wheelbarrow
Connection lost

Rejoining the realm…

Still unreachable

The connection could not be restored.

Session expired

The server has moved on; the page needs a fresh start.